 Dungeon Crawl Stone Soup version 0.16.1-51-g6203257 (webtiles) character file.

30568 Miyamura the Protected (level 13, -14/119 HPs)
             Began as a Minotaur Fighter on July 16, 2015.
             Was a High Priest of Okawaru.
             Demolished by a death yak (15 damage)
             ... on level 5 of the Lair of Beasts.
             The game lasted 00:39:35 (19269 turns).

Miyamura the Protected (Minotaur Fighter)          Turns: 19269, Time: 00:39:36

Health: -14/119    AC: 18    Str: 24    XL:     13   Next: 21%
Magic:  4/5        EV: 13    Int:  7    God:    Okawaru [*****.]
Gold:   1182       SH: 22    Dex: 10    Spells: 0 memorised, 12 levels left

rFire  + . .     SeeInvis .     a - +1 war axe (chaos)
rCold  . . .     Clarity  .     b - +0 chain mail {rPois}
rNeg   + . .     SustAb   .     x - +1 large shield
rPois  +         Gourm    .     y - +0 hat
rElec  .         Spirit   .     (no cloak)
rCorr  .         Warding  .     s - +0 pair of gloves
rMut   .         Stasis   .     (no boots)
MR     .....                    (no amulet)
Stlth  ..........               N - ring of positive energy
                                g - ring of protection from fire

@: heroism, not resistant to hostile enchantments, extremely unstealthy
A: retaliatory headbutt, horns 2, slimy green scales 1
a: Heroism, Finesse, Renounce Religion


You were on level 5 of the Lair of Beasts.
You worshipped Okawaru.
Okawaru was extremely pleased with you.
You were hungry.

You visited 3 branches of the dungeon, and saw 16 of its levels.
You also visited: Sewer.

You collected 1182 gold pieces.

Inventory:

Hand weapons
 a - a +1 war axe of chaos (weapon)
 M - the +3 demon trident of Responsibility {venom, Noisy rElec Str+5}
   (Okawaru gifted it to you on level 3 of the Lair of Beasts)

   It poisons the flesh of those it strikes.
   It affects your strength (+5).
   It insulates you from electricity.
   It may make noises in combat.
Armour
 b - a +0 chain mail of poison resistance (worn)
 s - a +0 pair of gloves (worn)
 x - a +1 large shield (worn)
 y - a +0 hat (worn)
 J - a +0 plate armour
Jewellery
 g - a ring of protection from fire (left hand)
 v - an uncursed ring of wizardry
 C - a +6 ring of intelligence
 N - a ring of positive energy (right hand)
Magical devices
 c - a wand of confusion (20)
 i - a wand of frost (24)
 u - a wand of random effects (10)
 z - a wand of random effects (24)
 H - a wand of paralysis (6)
Scrolls
 f - 3 scrolls of recharging
 k - 2 scrolls of teleportation
 o - 3 scrolls of fog
 p - a scroll of identify
 q - 5 scrolls of remove curse
 A - a scroll of amnesia
 L - a scroll of blinking
Potions
 e - 3 potions of might
 h - 2 potions of cancellation
 j - 4 potions of brilliance
 m - 2 potions of flight
 w - a potion of berserk rage
 D - a potion of magic
 E - a potion of curing
 G - a potion of haste
 K - a potion of agility
Books
 I - a book of Battle

   Spells                             Type                      Level
   a - Infusion                       Charms                       1
   b - Shroud of Golubria             Charms/Translocation         2
   c - Song of Slaying                Charms                       2
   d - Spectral Weapon                Hexes/Charms                 3
   e - Regeneration                   Charms/Necromancy            3
Miscellaneous
 F - a plain deck of defence {the Helm, drawn: 2}
Comestibles
 d - 21 fruits
 l - 11 beef jerkies
 r - 8 meat rations
 t - 9 bread rations
 B - 2 royal jellies
 O - a chunk of flesh


   Skills:
 + Level 12.3(17.3) Fighting
 + Level 12.3(17.3) Axes
 + Level 12.5(17.5) Armour
 + Level 11.0(16.0) Dodging
 + Level 12.5(17.5) Shields


You had 12 spell levels left.
You didn't know any spells.

Dungeon Overview and Level Annotations

Branches:
Dungeon (10/15)            Temple (1/1) D:4            Lair (5/8) D:10
 Shoals (0/5) Lair:4
  Snake: Lair:3-6    Spider: Lair:3-6       Orc: D:9-12

Altars:
Ashenzari
Cheibriados
Dithmenos
Elyvilon
Fedhas
Gozag
Kikubaaqudgha
Makhleb
Nemelex Xobeh
Okawaru
Qazlal
Ru
Sif Muna
Trog
Vehumet
Xom
Yredelemnul
Zin
The Shining One

Shops:
D:4 :

Annotations:
D:8 Erolcha


Innate Abilities, Weirdness & Mutations

You reflexively headbutt those who attack you in melee.
You have a pair of horns on your head.
You are partially covered in slimy green scales (AC +2).


Message History

You hit something but do no damage. You slash something! You hit the death yak.
You freeze the death yak.
The death yak is lightly wounded.
Something gores you. The death yak gores you!
* * * LOW HITPOINT WARNING * * *
The death yak gores you.
* * * LOW HITPOINT WARNING * * *
You are too injured to fight recklessly!
Read which item? (? for menu, Esc to quit)
As you read the scroll of fear, it crumbles to dust.
You assume a fearsome visage.
The death yak looks frightened!
The death yak looks frightened!
The death yak resists with some effort.
Something barely misses you. Something gores you!
* * * LOW HITPOINT WARNING * * *
You block the death yak's attack.
Drink which item? (? for menu, Esc to quit)
You feel better. Something gores you but does no damage. Something gores you!!
* * * LOW HITPOINT WARNING * * *
You block its attack. The death yak gores you!
You die...

.P.. P.# . .P.. #.....
#....... ..... Y.#....
.##..... .....#.
...... .......###.#.#
# .
#........#Y..##.#...
#.....<.#>.{.......#
....#.#...Y..@.......#
###.#.Y{........
..............
.......#..#.....
P..#.....#.#.####. #
......##..# .#.....P
... ......P##....
...## .


You could see 3 death yaks.

Vanquished Creatures
  A dire elephant (Lair:5)
  4 hydras
  3 death yaks (Lair:3)
  A hill giant (D:7)
  An orb spider (Lair:4)
  7 elephants (Lair:3)
  A griffon (Lair:3)
  Joseph (D:7)
  10 spiny frogs
  A gargoyle (D:10)
  A centaur skeleton (D:10)
  A fire drake (Lair:4)
  4 komodo dragons
  5 merfolk (Lair:4)
  4 trolls
  Prince Ribbit (D:9)
  A two-headed ogre (D:10)
  A boulder beetle (Lair:4)
  7 blink frogs (Lair:3)
  A basilisk (Lair:3)
  20 yaks
  The ghost of EmilioHeskey the Skirmisher, an average DrBe of Trog (D:4)
  A deep elf mage (D:9)
  Eustachio (D:6)
  6 hippogriffs
  5 wolves (Lair:1)
  Edmund (D:9)
  6 water moccasins
  2 soldier ants (D:5)
  A hungry ghost (D:10)
  3 black bears
  2 phantoms
  5 ogres
  An orc warrior (D:9)
  A sky beast (D:7)
  An ice beast (D:6)
  6 porcupines
  7 centaurs
  2 big kobolds
  4 crocodiles
  12 giant frogs
  Blork the orc (D:9)
  A water moccasin zombie (D:6)
  2 scorpions
  13 killer bees
  3 wights (D:10)
  3 jellies
  2 goliath beetles
  4 crimson imps
  A giant frog zombie (D:7)
  9 hounds
  5 orc priests
  2 centaur zombies
  A quasit (D:6)
  9 iguanas
  2 giant frog skeletons
  9 worker ants
  13 orc wizards
  6 sheep (Lair:4)
  A killer bee zombie (D:6)
  Ijyb (D:3)
  Terence (D:2)
  A worker ant zombie (D:9)
  4 gnolls (D:4)
  22 river rats
  23 adders
  7 giant mites
  2 shadow imps
  3 worms (D:2)
  2 adder skeletons
  6 giant geckos
  An ooze (D:1)
  35 orcs
  5 ball pythons
  2 bat skeletons
  A bat zombie (D:6)
  16 giant cockroaches
  8 goblins
  16 hobgoblins
  29 jackals
  28 bats
  7 giant newts
  A jackal zombie (D:5)
  26 kobolds
  15 quokkas
  A quokka zombie (D:6)
  24 rats
  4 fungi
  3 plants
525 creatures vanquished.

Vanquished Creatures (others)
  An orc (D:6)
  5 fungi
  2 plants
8 creatures vanquished.

Grand Total: 533 creatures vanquished

Notes
Turn   | Place    | Note
--------------------------------------------------------------
     0 | D:1      | Miyamura, the Minotaur Fighter, began the quest for the Orb.
     0 | D:1      | Reached XP level 1. HP: 19/19 MP: 1/1
     6 | D:1      | Noticed a five-headed hydra
     6 | D:1      | Noticed a lindwurm
     6 | D:1      | Noticed an anaconda
     6 | D:1      | Noticed an iguana
   108 | D:1      | Reached XP level 2. HP: 27/27 MP: 1/1
   148 | D:1      | Reached skill level 4 in Fighting
   473 | D:1      | Reached XP level 3. HP: 33/33 MP: 2/2
   484 | D:1      | You fall through a shaft!
   780 | D:2      | Noticed Terence
   788 | D:2      | Killed Terence
   788 | D:2      | Reached skill level 1 in Dodging
   788 | D:2      | Reached XP level 4. HP: 30/40 MP: 2/2
  2021 | D:3      | Found a glowing drain.
  2024 | D:3      | Reached XP level 5. HP: 47/47 MP: 2/2
  2053 | Sewer    | Entered a sewer
  3477 | D:3      | Reached XP level 6. HP: 41/53 MP: 3/3
  3881 | D:3      | Reached skill level 5 in Shields
  3926 | D:3      | Noticed Ijyb
  3934 | D:3      | Killed Ijyb
  4320 | D:4      | Found a staircase to the Ecumenical Temple.
  4345 | D:4      | Found Shysu's Book Boutique.
  4346 | D:4      | Noticed EmilioHeskey's ghost (average DrBe)
  4364 | D:4      | Killed EmilioHeskey's ghost
  4364 | D:4      | Reached skill level 5 in Fighting
  4579 | D:4      | Reached XP level 7. HP: 44/61 MP: 3/3
  4579 | D:4      | Reached skill level 5 in Armour
  4715 | D:4      | Reached skill level 5 in Axes
  5281 | D:5      | Entered Level 5 of the Dungeon
  5285 | D:5      | Reached skill level 6 in Shields
  5565 | D:5      | Found a runed door.
  5571 | D:5      | Found a runed door.
  5585 | D:5      | Reached XP level 8. HP: 68/70 MP: 3/3
  6118 | D:5      | Reached skill level 7 in Shields
  6362 | D:6      | Reached skill level 5 in Dodging
  6824 | D:6      | Noticed Eustachio
  6853 | D:6      | Killed Eustachio
  6853 | D:6      | Reached XP level 9. HP: 58/79 MP: 4/4
  7267 | D:7      | Noticed Joseph
  7297 | D:7      | Killed Joseph
  7297 | D:7      | Reached skill level 8 in Shields
  7791 | D:7      | Gained mutation: You are partially covered in slimy green scales (AC +2). [mutagenic meat]
  8316 | D:6      | Noticed a swamp dragon
  8318 | D:6      | Noticed an orc knight
  8425 | D:7      | Noticed a hill giant
  8436 | D:7      | Killed a hill giant
  8482 | D:6      | Reached XP level 10. HP: 70/90 MP: 4/4
  8492 | D:6      | Reached skill level 9 in Shields
  8701 | D:6      | Noticed a swamp dragon
  8706 | D:6      | Noticed an elephant
  8706 | D:6      | a swamp dragon changed into an elephant
  8999 | Temple   | Entered the Ecumenical Temple
  9101 | Temple   | Became a worshipper of Warmaster Okawaru
  9738 | D:8      | Noticed Erolcha
 10255 | D:8      | Found a snail-covered altar of Cheibriados.
 10372 | D:8      | Acquired Okawaru's first power
 10845 | D:9      | Noticed Blork the orc
 10869 | D:9      | Killed Blork the orc
 11264 | D:9      | Noticed Edmund
 11288 | D:9      | Killed Edmund
 11802 | D:9      | Noticed Prince Ribbit
 11817 | D:9      | Found a sacrificial altar of Ru.
 12110 | D:9      | Killed Prince Ribbit
 12110 | D:9      | Reached skill level 10 in Shields
 12456 | D:10     | Entered Level 10 of the Dungeon
 12466 | D:10     | Reached XP level 11. HP: 92/99 MP: 4/4
 13001 | D:10     | Reached skill level 10 in Fighting
 13096 | D:10     | Found a staircase to the Lair.
 13194 | D:10     | Reached skill level 10 in Armour
 13418 | D:10     | Reached skill level 10 in Axes
 13825 | Lair:1   | Entered Level 1 of the Lair of Beasts
 14425 | Lair:1   | Noticed a four-headed hydra
 14438 | Lair:1   | Killed a four-headed hydra
 14847 | Lair:1   | Noticed a six-headed hydra
 14869 | Lair:1   | Killed a six-headed hydra
 14869 | Lair:1   | Reached skill level 11 in Shields
 15411 | Lair:2   | Acquired Okawaru's second power
 15580 | Lair:2   | Noticed an eight-headed hydra
 15588 | Lair:2   | Killed an eight-headed hydra
 15588 | Lair:2   | Reached XP level 12. HP: 65/110 MP: 2/5
 16658 | Lair:3   | Reached skill level 10 in Dodging
 16880 | Lair:3   | Received a gift from Okawaru
 16883 | Lair:3   | Got a brightly glowing demon trident {god gift}
 16884 | Lair:3   | Identified the +3 demon trident of Responsibility {venom, Noisy rElec Str+5} (Okawaru gifted it to you on level 3 of the Lair of Beasts)
 17135 | Lair:3   | Reached skill level 12 in Shields
 17171 | Lair:3   | Noticed a seven-headed hydra
 17179 | Lair:3   | Killed a seven-headed hydra
 17273 | Lair:3   | Received a gift from Okawaru
 17974 | Lair:4   | Found a staircase to the Shoals.
 17991 | Lair:4   | Reached XP level 13. HP: 69/118 MP: 3/5
 19254 | Lair:5   | Noticed a dire elephant
 19254 | Lair:5   | a death yak changed into a dire elephant
 19264 | Lair:5   | Killed a dire elephant
 19264 | Lair:5   | Received a gift from Okawaru
 19269 | Lair:5   | HP: 1/119 [something (19)]
 19269 | Lair:5   | Demolished by a death yak

Action                   |  1- 3 |  4- 6 |  7- 9 | 10-12 | 13-15 || total
-------------------------+-------+-------+-------+-------+-------++-------
Melee: War axe           |    78 |   273 |   350 |   898 |   107 ||  1706
       Flail             |       |       |       |    16 |       ||    16
       Demon trident     |       |       |       |     4 |       ||     4
Invok: Heroism           |       |       |       |     6 |     1 ||     7
Evoke: Wand              |       |       |     3 |     7 |     9 ||    19
       Deck              |       |       |       |     2 |       ||     2
  Use: Scroll            |       |    12 |     3 |    18 |     5 ||    38
       Potion            |       |     1 |     8 |     4 |     1 ||    14
 Stab: Invisible         |       |       |     3 |       |       ||     3
       Paralysed         |       |       |     4 |       |       ||     4
       Confused          |       |       |       |       |     1 ||     1
  Eat: Chunk             |       |     6 |    12 |    29 |     4 ||    51
       Beef jerky        |       |     1 |       |       |       ||     1
       Bread ration      |       |     1 |       |       |       ||     1
       Royal jelly       |       |       |     1 |     1 |       ||     2
       Pizza             |       |       |       |     1 |       ||     1
